 Dungeon Crawl Stone Soup version 0.25.0-33-gff14898491 (webtiles) character file.

Game seed: 2375038272219631755

30 Peloso the Skirmisher (level 3, 0/31 HPs)
             Began as a Demonspawn Fighter on July 6, 2020.
             Succumbed to an adder's poison
             ... on level 2 of the Dungeon.
             The game lasted 00:01:51 (1228 turns).

Peloso the Skirmisher (Demonspawn Fighter)          Turns: 1228, Time: 00:01:51

Health: 0/31       AC:  9    Str: 14 (17) XL:     3   Next: 3%
Magic:  2/3        EV:  6    Int:  6 (9)  God:
Gold:   70         SH:  8    Dex: 15 (18) Spells: 2/2 levels left

rFire    . . .     SeeInvis .   a - +0 long sword
rCold    . . .     Gourm    .   c - +0 kite shield
rNeg     . . .     Faith    .   b - +0 scale mail
rPois    .         Spirit   +   (no helmet)
rElec    .         Reflect  .   l - +0 cloak
rCorr    .         Harm     .   (no gloves)
MR       +....                  (no boots)
Stlth    ..........             e - amulet of guardian spirit
HPRegen  0.10/turn              i - +6 ring of dexterity
MPRegen  0.08/turn              (no ring)

@: lethally poisoned (0 -> -7)
A: icy blue scales 1, magic resistance 1, robust 1, magic shield
a: no special abilities


You were on level 2 of the Dungeon.
You were not hungry.

You visited 1 branch of the dungeon, and saw 2 of its levels.

You collected 70 gold pieces.

Inventory:

Hand Weapons
 a - a +0 long sword (weapon)
Armour
 b - a +0 scale mail (worn)
 c - a +0 kite shield (worn)
 l - a +0 cloak (worn)
Jewellery
 e - an amulet of guardian spirit (around neck)
 i - a +6 ring of dexterity (left hand)
Scrolls
 g - a scroll of identify {unknown}
 h - a scroll of remove curse {unknown}
 j - a scroll of teleportation {unknown}
Potions
 d - a potion of might
 k - a potion of mutation
Comestibles
 f - 3 rations
 m - 2 chunks of flesh


   Skills:
 + Level 3.5 Fighting
 + Level 2.3 Long Blades
 + Level 2.9 Armour
 + Level 2.8 Shields


You had 2 spell levels left.
You didn't know any spells.
Your spell library was empty.

Dungeon Overview and Level Annotations

Branches:
Dungeon (2/15)

Altars:


Innate Abilities, Weirdness & Mutations

You are partially covered in icy blue scales. (AC +2)
When hurt, damage is shared between your health and your magic reserves.
You are resistant to hostile enchantments. (MR+)
You are robust. (+10% HP)


Message History

You feel sick. You block the kobold's attack.
You see here an adder corpse.
Unknown command.
You slash the kobold!
You kill the kobold!
* * * LOW HITPOINT WARNING * * *
You feel sick.
* * * LOW HITPOINT WARNING * * *
You feel sick.
Things that are here:
a +0 short sword; 2 stones A jackal comes into view.
* * * LOW HITPOINT WARNING * * *
You feel sick.
The jackal barks!
* * * LOW HITPOINT WARNING * * *
You feel sick.
* * * LOW HITPOINT WARNING * * *
You feel sick.
You die...

######## #......#
#####
##......#####...##
.................#
........h...@>#..#
..###+##)†<......#
#.#(###<..#
#.#.......######
#.###.(........#
#.# #.###.####.#
#.# #.#......#.#
... #.#.#.##.#.#
#.# #.#.#..#.#.#


You could see a jackal.

Vanquished Creatures
  An adder (D:2)
  3 dart slugs (D:1)
  2 bats (D:1)
  3 goblins
  2 hobgoblins (D:1)
  A frilled lizard (D:1)
  4 kobolds
16 creatures vanquished.

Notes
Turn   | Place    | Note
-------+----------+-------------------------------------------
     0 | D:1      | Peloso the Demonspawn Fighter began the quest for the Orb.
     0 | D:1      | Reached XP level 1. HP: 18/18 MP: 1/1
   251 | D:1      | Gained mutation: You are partially covered in icy blue
                  | scales. (AC +2) [demonic ancestry]
   251 | D:1      | Reached XP level 2. HP: 24/24 MP: 2/2
  1218 | D:2      | Gained mutation: When hurt, damage is shared between your
                  | health and your magic reserves. [demonic ancestry]
  1218 | D:2      | Reached XP level 3. HP: 10/29 MP: 1/3
  1219 | D:2      | Gained mutation: You are robust. (+10% HP) [potion of
                  | mutation]
  1219 | D:2      | Gained mutation: You are resistant to hostile enchantments.
                  | (MR+) [potion of mutation]
  1225 | D:2      | HP: 1/31 [poisoned by an adder]
  1228 | D:2      | Succumbed to an adder's poison

Illustrated notes

Levels and vault maps discovered:
D:1:      onia_arrival_pentagram, layout_basic, minmay_bisected
D:2:      layout_basic

Skill      XL: |  1  2 |
---------------+-------+-----
Long Blades    | 2 |  2.3
Fighting       | |  3.5
Armour         | |  2.9
Shields        | |  2.8

Action                   || total
-------------------------++-------
Melee: Long sword        ||    61
  Use: Potion            ||     5
  Eat: Chunk             ||     1
Armor: Scale mail        ||    34
Dodge: Dodged            ||    16
Block: Kite shield       ||    37
       Rpst.: Long sword ||     2
